 Dungeon Crawl Stone Soup version 0.25-a0-670-g50981ef59b (webtiles) character file.

Game seed: 4421713809341317328, levelgen mode: deterministic

625 kae the Conjurer (level 7, -4/36 HPs)
             Began as a Tengu Air Elementalist on Mar 29, 2020.
             Slain by a centaur skeleton (5 damage)
             ... on level 5 of the Dungeon.
             The game lasted 00:06:11 (5521 turns).

kae the Conjurer (Tengu Air Elementalist)           Turns: 5521, Time: 00:06:12

Health: -4/36      AC:  3    Str:  9    XL:     7   Next: 47%
Magic:  7/14       EV: 13    Int: 17    God:
Gold:   211        SH:  0    Dex: 16    Spells: 6/14 levels left

rFire    + + .     SeeInvis .   i - +1 whip
rCold    + . .     Gourm    .   (no shield)
rNeg     . . .     Faith    .   a - +1 robe
rPois    .         Spirit   .   (helmet restricted)
rElec    .         Reflect  .   d - scarf {rC+ rF+}
rCorr    .         Harm     .   (no gloves)
MR       .....                  (boots unavailable)
Stlth    ++........             (no amulet)
HPRegen  0.12/turn              (no ring)
MPRegen  0.14/turn              (no ring)

@: no status effects
A: beak, horns 1, talons 3, agile 1, fire resistance 1, subdued magic 1, able to
fly
a: Fly


You were on level 5 of the Dungeon.
You were very hungry.

You visited 2 branches of the dungeon, and saw 6 of its levels.

You collected 211 gold pieces.

Inventory:

Hand Weapons
 i - a +1 whip (weapon)
Armour
 a - a +1 robe (worn)
 d - a scarf of resistance (worn)
Scrolls
 b - 2 scrolls of identify
 j - 2 scrolls of blinking
 l - a scroll of enchant armour
 n - 2 scrolls of remove curse {unknown}
 p - a scroll of immolation {unknown}
 q - 2 scrolls of amnesia
 r - a scroll of fear {unknown}
Potions
 e - a potion of flight
 f - a potion of heal wounds
 g - 3 potions of degeneration
 h - a potion of mutation
 k - a potion of brilliance
 m - a potion of ambrosia {unknown}
 o - a potion of curing {unknown}
 s - a potion of might {unknown}
Comestibles
 c - 8 rations


   Skills:
 - Level 2.1 Dodging
 - Level 2.0 Stealth
 + Level 4.0 Spellcasting
 * Level 7.3 Conjurations
 + Level 6.5 Air Magic


You had 6 spell levels left.
You knew the following spells:

 Your Spells              Type           Power        Failure   Level  Hunger
a - Shock                 Conj/Air       ###.         1%          1    None
b - Static Discharge      Conj/Air       ###.....     1%          3    ###....
c - Airstrike             Air            ###.......   9%          4    ####...

Your spell library contained the following spells:

 Spells                   Type           Power        Failure   Level  Hunger
 Swiftness                Chrm/Air       ##......     4%          2    ##.....
 Lightning Bolt           Conj/Air       ###.......   22%         5    ######.


Dungeon Overview and Level Annotations

Branches:
Dungeon (5/15)             Temple (1/1) D:5

Altars:
Dithmenos
Elyvilon
Fedhas
Gozag
Kikubaaqudgha
Makhleb
Nemelex Xobeh
Okawaru
Qazlal
Sif Muna
Trog
Uskayaw
Wu Jian
Xom
Yredelemnul
Zin
The Shining One

Portals:
Ossuary: D:5


Innate Abilities, Weirdness & Mutations

You have a beak for a mouth.
You have claws for feet.
You can fly continuously.
You have a pair of small horns on your head.
You are agile. (Dex +2)
Your flesh is heat resistant. (rF+)
Your spells are a little easier to cast, but a little less powerful.


Message History

The centaur skeleton hits you! The orc priest closely misses you.
The orc hits you with a +0 flail.
* * * LOW HITPOINT WARNING * * *
The centaur skeleton barely misses you.
Casting: Static Discharge (safe; 1% risk of failure)
Confirm with . or Enter, or press ? or * to list all spells.
The centaur skeleton is struck by an arc of lightning!
The centaur skeleton is moderately damaged.
The orc is struck by an arc of lightning!
You kill the orc!
Your Spellcasting skill increases to level 4!
You are struck by an arc of lightning.
* * * LOW HITPOINT WARNING * * *
The lightning grounds out.
The orc priest is struck by an arc of lightning!
You kill the orc priest!
The lightning grounds out.
The centaur skeleton hits you.
* * * LOW HITPOINT WARNING * * *
The hound zombie closely misses you. The centaur skeleton hits you.
You die...

## ### ... ..(..# #..
#.##.# ...
#####.##.##.##
##..#.........##.
##..........o.....
#....#..⌠.o.⌠..#
#....#....Z)...#.#
#...)....Z@......#
##..)#...).....#.#
#...#..⌠.!)⌠..#
#.#.†[..........#
###.###.........###
#...# ##.##.##.##
######.######.......#
.....÷<....<.........
#.......#####......


You could see an orc wizard, an orc, a hound zombie and a centaur skeleton.

Vanquished Creatures
  A sky beast (D:4)
  An ogre (D:4)
  A scorpion (D:4)
  A centaur skeleton (D:5)
  An orc priest (D:5)
  A bullfrog skeleton (D:4)
  4 orc wizards
  2 worker ants
  3 adders
  An adder skeleton (D:4)
  5 worms
  A dart slug (D:2)
  4 leopard geckos
  12 orcs
  2 ball pythons
  13 goblins
  11 hobgoblins
  10 jackals
  6 kobolds
  2 quokkas
  12 bats
  6 frilled lizards
  6 rats
106 creatures vanquished.

Vanquished Creatures (others)
  An orc (D:5)
1 creature vanquished.

Grand Total: 107 creatures vanquished

Notes
Turn   | Place    | Note
-------+----------+-------------------------------------------
     0 | D:1      | kae the Tengu Air Elementalist began the quest for the Orb.
     0 | D:1      | Reached XP level 1. HP: 10/10 MP: 4/4
   118 | D:1      | Reached skill level 2 in Conjurations
   158 | D:1      | Reached XP level 2. HP: 14/15 MP: 0/6
  1252 | D:2      | Reached XP level 3. HP: 15/19 MP: 1/7
  1263 | D:2      | Reached skill level 3 in Conjurations
  1703 | D:2      | Reached XP level 4. HP: 24/24 MP: 1/8
  2119 | D:2      | Found a faded altar of an unknown god.
  2185 | D:2      | Reached skill level 4 in Conjurations
  2467 | D:3      | Learned a level 3 spell: Static Discharge
  2472 | D:3      | Learned a level 4 spell: Airstrike
  3010 | D:3      | Reached skill level 5 in Air Magic
  3010 | D:3      | Gained mutation: You can fly continuously. [Tengu growth]
  3010 | D:3      | Reached XP level 5. HP: 17/28 MP: 5/10
  3323 | D:3      | You fall into a shaft and drop 1 floor!
  3357 | D:4      | Noticed a sky beast
  3363 | D:4      | Killed a sky beast
  3363 | D:4      | Reached skill level 5 in Conjurations
  3363 | D:4      | Reached XP level 6. HP: 31/32 MP: 0/11
  3368 | D:4      | Gained mutation: You are agile. (Dex +2) [potion of
                  | mutation]
  3368 | D:4      | Gained mutation: Your spells are a little easier to cast,
                  | but a little less powerful. [potion of mutation]
  3368 | D:4      | Gained mutation: You have a pair of small horns on your
                  | head. [potion of mutation]
  3368 | D:4      | Gained mutation: Your flesh is heat resistant. (rF+)
                  | [potion of mutation]
  3930 | D:3      | Reached skill level 6 in Conjurations
  4178 | D:3      | Found an ancient bone altar of Kikubaaqudgha.
  4376 | D:3      | Found a shimmering altar of Xom.
  4427 | D:3      | Noticed an angel
  4428 | D:3      | Found a glowing silver altar of Zin.
  4844 | D:4      | Found a hide-covered altar of Uskayaw.
  4845 | D:4      | Noticed a +0 dagger
  4845 | D:4      | Noticed a +0 hand axe
  4937 | D:4      | Found a shadowy altar of Dithmenos.
  4976 | D:4      | Found a sparkling altar of Nemelex Xobeh.
  5062 | D:4      | Found a burning altar of Makhleb.
  5089 | D:4      | Found a stormy altar of Qazlal.
  5185 | D:4      | Reached XP level 7. HP: 36/36 MP: 2/13
  5285 | D:5      | Entered Level 5 of the Dungeon
  5297 | D:5      | Found a sand-covered staircase.
  5309 | D:5      | Found a staircase to the Ecumenical Temple.
  5320 | D:5      | Reached skill level 7 in Conjurations
  5373 | Temple   | Entered the Ecumenical Temple
  5520 | D:5      | HP: 1/36 [centaur skeleton (6)]
  5521 | D:5      | Slain by a centaur skeleton

Levels and vault maps discovered:
D:1:      lemuel_arrival_tunnels, layout_basic
D:2:      layout_basic, chequers_ecumenical_altar_grove, st_stairs_1,
          minmay_diced_spiral
D:3:      layout_loops_corners, lemuel_round_altar, marbit_many_paths, zin_angel
D:4:      layout_loops_ring, nicolae_overflow_hidden_temple,
          dancing_weapons_uskayaw, first_ration
D:5:      layout_rooms, lemuel_coloured_pillars_altar, fiery_altar_vehumet,
          minmay_temple_entry_large_hall, enter_ossuary_1, uniq_eustachio
Temple:   compressed_dpeg_triangle_lava_temple

Skill      XL: |  1  2  3  4  5  6  7 |
---------------+----------------------+-----
Conjurations   | 2 3 4 5 6 7 |  7.3
Air Magic      | 5 6 |  6.5
Spellcasting   | 3 4 |  4.0
Dodging        | |  2.1
Stealth        | |  2.0

Action                   |  1- 3 |  4- 6 |  7- 9 || total
-------------------------+-------+-------+-------++-------
Melee: Whip              |    22 |    70 |    10 ||   102
       Unarmed           |     2 |       |       ||     2
       Peck              |     4 |     5 |       ||     9
       Kick              |     1 |    20 |     2 ||    23
       Headbutt          |       |     8 |     1 ||     9
 Cast: Shock             |    77 |   101 |    23 ||   201
       Airstrike         |       |     2 |       ||     2
       Static Discharge  |       |       |     3 ||     3
  Use: Scroll            |     7 |     4 |       ||    11
       Potion            |       |     1 |     1 ||     2
 Stab: Sleeping          |       |     3 |       ||     3
  Eat: Chunk             |     3 |    11 |     1 ||    15
Armor: Robe              |     8 |    20 |     2 ||    30
Dodge: Dodged            |    26 |    52 |    21 ||    99

Table legend:
 A = Non-vault XP
 B = Vault XP
 C = Vault XP percentage of total XP
 D = Non-vault monster count
 E = Vault monster count
 F = Vault count percentage of total count
                 A         B        C        D         E       F
            +---------+---------+-------+---------+---------+-------
      Total |     859 |      35 |   3.9 |     100 |       6 |   5.7
            +---------+---------+-------+---------+---------+-------
        D:1 |      30 |       0 |   0.0 |      19 |       0 |   0.0
        D:2 |      64 |      33 |  34.0 |      31 |       5 |  13.9
        D:3 |     133 |       2 |   1.5 |      23 |       1 |   4.2
        D:4 |     425 |       0 |   0.0 |      16 |       0 |   0.0
        D:5 |     207 |       0 |   0.0 |      11 |       0 |   0.0
            +---------+---------+-------+---------+---------+-------
